 Dungeon Crawl Stone Soup version 0.28-a0-1506-g3893175d92 (webtiles) character file.

Game seed: 5219551573552113560

94421 mdonais the Eclecticist (level 15, -1/88 HPs)
             Began as a Deep Elf Ice Elementalist on Aug 20, 2021.
             Was a High Priest of Vehumet.
             Shot with an arrow by a centaur warrior (9 damage)
             ... on level 14 of the Dungeon on Jan 13, 2022.
             The game lasted 03:38:37 (27965 turns).

mdonais the Eclecticist (DEIE)                     Turns: 27965, Time: 03:38:38

Health: -1/88      AC: 22    Str:  2    XL:     15   Next: 63%
Magic:  2/47       EV: 15    Int: 40    God:    Vehumet [*****.]
Gold:   1574       SH:  5    Dex: 15    Spells: 5/47 levels left

rFire   . . .      SeeInvis .   b - +11 short sword of the Equator {vorpal, rPois Str-2 Int+2}
rCold   . . .      Faith    .   G - +0 buckler
rNeg    . . .      Spirit   .   z - +3 leather armour of Amorality {rElec}
rPois   +          Reflect  .   m - +3 hat of Pondering {ponderous, Will+ MP+10 Int+5}
rElec   +          Harm     .   i - +2 cloak
rCorr   .          Rampage  .   j - +2 pair of gloves
Will    ++...      Clarity  +   f - +2 pair of boots {Stlth+}
Stlth   +++++.....              h - amulet of magic regeneration
HPRegen 0.24/turn               O - +4 ring of protection
MPRegen 0.70/turn               d - +6 ring of intelligence

@: unable to drink, very slightly contaminated, slow
A: antennae 1, hooves 1, clarity, weak 1
a: Renounce Religion


You were on level 14 of the Dungeon.
You worshipped Vehumet.
Vehumet was extremely pleased with you.
You visited 4 branches of the dungeon, and saw 23 of its levels.
You also visited: Sewer.

You collected 1911 gold pieces.
You spent 337 gold pieces at shops.

Inventory:

Hand Weapons
 b - the +11 short sword of the Equator (weapon) {vorpal, rPois Str-2 Int+2}
   (You found it on level 2 of the Lair of Beasts)

   It inflicts extra damage upon your enemies.
   Str:       It affects your strength (-2).
   Int:       It affects your intelligence (+2).
   rPois:     It protects you from poison.
Missiles
 o - 84 poisoned darts (quivered)
 t - 21 boomerangs
 v - 9 javelins
 Z - 2 throwing nets {=!f}
Armour
 f - a +2 pair of boots of stealth (worn)
   (You acquired it on level 11 of the Dungeon)
 i - a +2 cloak (worn)
   (You took it off Maurice on level 12 of the Dungeon)
 j - a +2 pair of gloves (worn)
   (You found it on level 8 of the Dungeon)
 m - the +3 hat of Pondering (worn) {ponderous, Will+ MP+10 Int+5}
   (You took it off Gastronok on level 12 of the Dungeon)

   Int:       It affects your intelligence (+5).
   MP:        It affects your magic capacity (+10).
   Will:      It increases your willpower.
 p - a +2 troll leather armour {Snorg}
   (You found it on level 2 of the Orcish Mines)
 y - a +1 robe of fire resistance
   (You took it off Nergalle on level 2 of the Lair of Beasts)
 z - the +3 leather armour of Amorality (worn) {rElec}
   (You bought it in a shop on level 3 of the Dungeon)

   rElec:     It insulates you from electricity.
 G - a +0 buckler (worn)
   (You took it off an orc on level 6 of the Dungeon)
Jewellery
 c - a ring of protection from cold
   (You found it on level 7 of the Dungeon)
 d - a +6 ring of intelligence (right hand)
   (You found it on level 1 of the Lair of Beasts)
 g - a ring of resist corrosion
   (You found it on level 5 of the Dungeon)
 h - an amulet of magic regeneration (around neck)
   (You found it on level 3 of the Dungeon)
 k - a ring of flight
   (You took it off a goblin on level 2 of the Dungeon)
 s - a ring of see invisible
   (You found it on level 2 of the Dungeon)
 w - the ring "Zanili" {Str+2 Int-2 Dex+6 Slay+5}
   (You found it on level 1 of the Orcish Mines)

   [ring of dexterity]

   Str:       It affects your strength (+2).
   Int:       It affects your intelligence (-2).
   Dex:       It affects your dexterity (+6).
   Slay:      It affects your accuracy & damage with ranged weapons and melee
   (+5).
 B - a ring of ice
   (You found it on level 6 of the Lair of Beasts)
 K - the ring "Conoib" {rElec rF+ rN++ Int-4 Dex+5}
   (You found it on level 6 of the Lair of Beasts)

   [ring of protection from fire]

   Int:       It affects your intelligence (-4).
   Dex:       It affects your dexterity (+5).
   rF:        It protects you from fire.
   rElec:     It insulates you from electricity.
   rN:        It greatly protects you from negative energy.
 N - a ring of willpower
   (You found it on level 8 of the Dungeon)
 O - a +4 ring of protection (left hand)
   (You found it on level 9 of the Dungeon)
Wands
 u - a wand of charming (22)
   (You found it on level 6 of the Dungeon)
 A - a wand of acid (8)
   (You found it on level 10 of the Dungeon)
 D - a wand of digging (4)
   (You found it on level 4 of the Lair of Beasts)
 I - a wand of iceblast (12)
   (You found it on level 6 of the Lair of Beasts)
 P - a wand of paralysis (10)
   (You found it on level 5 of the Dungeon)
 U - a wand of mindburst (7)
   (You took it off an orc on level 12 of the Dungeon)
Scrolls
 a - a scroll of summoning
 F - 4 scrolls of fear
 M - 6 scrolls of magic mapping
 T - 8 scrolls of teleportation
 W - 5 scrolls of fog
Potions
 e - 2 potions of heal wounds
 l - 6 potions of flight
 n - a potion of lignification
 q - 3 potions of might
 r - a potion of resistance
 C - a potion of mutation
 E - 4 potions of ambrosia
 H - 2 potions of haste
 J - 4 potions of brilliance
 L - 3 potions of magic {unknown}
 Q - 4 potions of curing
 V - a potion of cancellation {unknown}
 Y - a potion of berserk rage


   Skills:
 - Level 7.7 Fighting
 - Level 5.0 Short Blades
 - Level 3.0 Armour
 - Level 11.8 Dodging
 - Level 8.0 Stealth
 - Level 5.0 Shields
 + Level 16.5 Spellcasting
 + Level 10.7 Conjurations
 - Level 8.2 Hexes
 + Level 9.8 Summonings
 - Level 13.0 Ice Magic
 - Level 6.0 Air Magic
 - Level 3.0 Evocations


You had 5 spell levels left.
You knew the following spells:

 Your Spells              Type           Power      Damage    Failure   Level
a - Freezing Cloud        Conj/Ice/Air   42%        6-21      1%          5
b - Ozocubu's Refrigerat  Ice            47%        4d14      3%          7
c - Ozocubu's Armour      Ice            95%        N/A       1%          3
d - Hailstorm             Conj/Ice       91%        3d18      1%          4
e - Metabolic Englaciati  Hex/Ice        43%        N/A       1%          5
f - Searing Ray           Conj           100%       2d8       1%          2
g - Spellforged Servitor  Conj/Summ      43%        N/A       9%          7
h - Lee's Rapid Deconstr  Erth           16%        3d11*     17%         5
i - Magic Dart            Conj           100%       1d8       1%          1
j - Frozen Ramparts       Ice            100%       1d12      1%          3

Your spell library contained the following spells:

 Spells                   Type           Power      Damage    Failure   Level
 Freeze                   Ice            100%       1d11      0%          1
 Shock                    Conj/Air       100%       1d9       1%          1
 Slow                     Hex            100%       N/A       1%          1
 Confusing Touch          Hex            78%        N/A       1%          3
 Mephitic Cloud           Conj/Pois/Air  67%        N/A       1%          3
 Portal Projectile        Hex/Tloc       100%       N/A       1%          3
 Swiftness                Air            69%        N/A       1%          3
 Airstrike                Air            34%        N/A       1%          4
 Animate Skeleton         Necr           66%        N/A       2%          1
 Apportation              Tloc           66%        N/A       2%          1
 Pain                     Necr           100%       1d9       2%          1
 Ignite Poison            Fire/Tmut/Pois 33%        N/A       2%          3
 Yara's Violent Unravell  Hex/Tmut       30%        3d13      3%          5
 Vampiric Draining        Necr           33%        2d8       8%          3
 Alistair's Intoxication  Tmut/Pois      22%        N/A       56%         5
 Blade Hands              Tmut           16%        N/A       56%         5
 Excruciating Wounds      Necr           16%        N/A       56%         5
 Invisibility             Hex            39%        N/A       13%         6
 Simulacrum               Ice/Necr       35%        N/A       26%         6
 Malign Gateway           Summ/Tloc      32%        N/A       96%         7
 Summon Horrible Things   Summ           42%        N/A       96%         8


Dungeon Overview and Level Annotations

Branches:
Dungeon (14/15)            Temple (1/1) D:6            Lair (6/6) D:11
  Swamp (0/4) Lair:2        Snake (0/4) Lair:4        Slime (0/5) Lair:5
    Orc (2/2) D:12            Elf (0/3) Orc:2        Vaults (0/5) D:13
  Sewer (visited)

Altars:
Ashenzari
Cheibriados
Dithmenos
Elyvilon
Fedhas
Gozag
Hepliaklqana
Kikubaaqudgha
Makhleb
Nemelex Xobeh
Okawaru
Qazlal
Ru
Sif Muna
Trog
Uskayaw
Vehumet
Wu Jian
Xom
Yredelemnul
Zin
The Shining One

Shops:
D:3 [   Orc:2 [?[=[**

Annotations:
D:11 4 runed translucent doors
Lair:6 2 transporters, Ucuahorph's ghost, journeyman DsCj


Innate Abilities, Weirdness & Mutations

You have a pair of small antennae on your head.
You have large cloven feet.
You possess an exceptional clarity of mind.
You are weak. (Str -2)


Message History

Really refrigerate near your spellforged servitor?
The heat is drained from your surroundings.
You feel very cold.
Your spellforged servitor, the cyclops and the basilisk are frozen.
Your spellforged servitor resists.
Your spellforged servitor is moderately damaged.
You kill the cyclops!
Vehumet accepts your kill.
You kill the basilisk!
Vehumet accepts your kill.
You feel your power returning.
You now have 10/47 mp.
A deep elf archer comes into view.
It is wielding a +1 vampiric short sword.
A centaur warrior comes into view.
The deep elf archer unwields a +1 vampiric short sword.
The deep elf archer wields a +2 vorpal shortbow.
The deep elf archer shoots an arrow.
The arrow hits you!
You take 15 damage, and have 73/88 hp.
The centaur warrior wields a +0 shortbow of freezing.
It is covered in frost.
The centaur warrior shoots an arrow.
The arrow hits you! The arrow freezes you.
The centaur warrior shoots an arrow.
The arrow hits you! The arrow freezes you.
You see here a staff of fire.
You take 29 damage, and have 44/88 hp.
MASSIVE DAMAGE!!
Casting: Ozocubu's Refrigeration (dangerous; 3% risk of failure)
Confirm with . or Enter, or press ? or * to list all spells.
Aiming: Freezing Cloud (mildly dangerous; 1% risk of failure)
Press: ? - help, Dir - move target The deep elf archer is engulfed in freezing vapours.
The deep elf archer shoots an arrow.
The arrow hits you!
The centaur warrior shoots an arrow.
The arrow closely misses you.
You take 16 damage, and have 29/88 hp.
You now have 8/47 mp.
Casting: Freezing Cloud (mildly dangerous; 1% risk of failure)
Confirm with . or Enter, or press ? or * to list all spells.
Really refrigerate near your spellforged servitor?
The heat is drained from your surroundings.
You feel very cold. The monsters around you are frozen!
The centaur warrior is heavily wounded.
Your spellforged servitor resists.
Your spellforged servitor is moderately damaged.
The deep elf archer is almost dead.
The deep elf archer is engulfed in freezing vapours.
You kill the deep elf archer!
Vehumet accepts your kill.
You feel your power returning.
You now have 6/47 mp.
Casting: Ozocubu's Refrigeration (dangerous; 3% risk of failure)
Confirm with . or Enter, or press ? or * to list all spells.
You don't have enough magic to cast this spell.
A centaur warrior is nearby!
Casting: Ozocubu's Refrigeration (dangerous; 3% risk of failure)
Confirm with . or Enter, or press ? or * to list all spells.
Aiming: Freezing Cloud (mildly dangerous; 1% risk of failure)
Press: ? - help, Dir - move target, f - centaur warrior
Aim: a centaur warrior, wielding a +0 shortbow of freezing and quivering arrows (heavily wounded)
The centaur warrior is engulfed in freezing vapours.
The centaur warrior shoots an arrow.
The arrow hits you!
* * * LOW HITPOINT WARNING * * *
The arrow freezes you.
* * * LOW HITPOINT WARNING * * *
You take 12 damage, and have 17/88 hp.
You now have 1/47 mp.
Aiming: Corrosive Bolt
Press: ? - help, Shift-Dir - straight line, f/p - centaur warrior
Aim: a centaur warrior, wielding a +0 shortbow of freezing and quivering arrows (freezing vapour, severely wounded, 81% to hit)
The bolt of acid hits the centaur warrior!
The acid corrodes the centaur warrior!
The centaur warrior is almost dead.
The centaur warrior is engulfed in freezing vapours.
The centaur warrior shoots an arrow.
The arrow hits you.
* * * LOW HITPOINT WARNING * * *
The arrow freezes you.
* * * LOW HITPOINT WARNING * * *
A centaur warrior comes into view.
The centaur warrior is engulfed in freezing vapours.
You kill the centaur warrior!
Vehumet accepts your kill.
You feel your power returning.
The centaur warrior wields a +0 longbow.
The centaur warrior shoots an arrow.
The arrow hits your spellforged servitor!
You take 1 damage, and have 16/88 hp.
You regained 4 mp, and now have 5/47 mp.
Casting: Freezing Cloud (mildly dangerous; 1% risk of failure)
Confirm with . or Enter, or press ? or * to list all spells.
Aiming: Freezing Cloud (mildly dangerous; 1% risk of failure)
Press: ? - help, Dir - move target The centaur warrior is engulfed in freezing vapours.
You now have 1/47 mp.
Aiming: Corrosive Bolt
Press: ? - help, Shift-Dir - straight line, f - you
Okay, then.
Unknown command.
Aiming: Iceblast
Press: ? - help, Shift-Dir - straight line
Okay, then.
Unknown command.
The centaur warrior is engulfed in freezing vapours.
The centaur warrior shoots an arrow.
You block the arrow.
The centaur warrior is engulfed in freezing vapours.
The centaur warrior shoots an arrow.
The arrow hits you!
* * * LOW HITPOINT WARNING * * *
You take 9 damage, and have 7/88 hp.
Okay, then.
Unknown command.
You cannot drink potions in your current state!
Unknown command.
Unknown command.
Okay, then.
Unknown command.
Okay, then.
Press: ? - help, v - describe, . - travel
Here: a spellforged servitor (heavily damaged, summoned, friendly)
The floor.
Unknown command.
Unknown command.
Unknown command.
Unknown command.
Unknown command.
Unknown command.
Casting: Freezing Cloud (mildly dangerous; 1% risk of failure)
Confirm with . or Enter, or press ? or * to list all spells.
Aiming: Magic Dart (safe; 1% risk of failure)
Press: ? - help, Shift-Dir - straight line, f - centaur warrior
Aim: a centaur warrior, wielding a +0 longbow and quivering arrows (freezing vapour, heavily wounded, ally target, 100% to hit)
The magic dart hits the centaur warrior.
The centaur warrior is heavily wounded.
The centaur warrior is engulfed in freezing vapours.
The centaur warrior shoots an arrow.
The arrow completely misses you.
Press: ? - help, v - describe, . - travel
Here: a centaur warrior, wielding a +0 longbow and quivering arrows (freezing vapour, severely wounded, ally target)
The floor.
Unknown command.
Unknown command.
Unknown command.
Aiming: Paralyse
Press: ? - help, Shift-Dir - straight line, f/p - centaur warrior
Aim: a centaur warrior, wielding a +0 longbow and quivering arrows (freezing vapour, severely wounded, ally target, chance to affect: 38%)
Okay, then.
Unknown command.
Aiming: Iceblast
Press: ? - help, Shift-Dir - straight line, f - you, p - centaur warrior
Okay, then.
Unknown command.
Aiming: Mindburst
Press: ? - help, Shift-Dir - straight line, f/p - centaur warrior
Aim: a centaur warrior, wielding a +0 longbow and quivering arrows (freezing vapour, severely wounded, ally target, chance to affect: 60%)
The centaur warrior resists with significant effort.
The centaur warrior is engulfed in freezing vapours.
The centaur warrior shoots an arrow.
The arrow hits you!
You die...

.. ########
......§§§§#####
...###§§§.|.@.#
......§§§.9.#..#
...(.§§.....##.#
....)§§...†.# .#
###........###.#
.....§§[..<....##
.###..c§§.........#
......§§..........#
..................#


You could see a centaur warrior (ally target) and a friendly spellforged
servitor (summoned).

Vanquished Creatures
  Gastronok (D:12)
  A very ugly thing (D:14)
  Azrael (D:12)
  The ghost of Pabrox the Fighter, a journeyman DsIE of Fedhas (Orc:1)
  Snorg (Orc:2)
  2 boulder beetles
  A great orb of eyes (D:13)
  A vault guard (D:13)
  8 hydras
  A catoblepas (Lair:6)
  7 centaur warriors
  8 two-headed ogres
  13 death yaks
  A deep troll shaman (Lair:6)
  An orc high priest (Orc:1)
  Urug (D:13)
  Nergalle (Lair:2)
  3 skeletal warriors (D:13)
  A lindwurm (shapeshifter) (D:11)
  A lindwurm (Lair:6)
  A harpy (D:14)
  A deep elf archer (D:14)
  6 orc knights
  2 deep elf pyromancers
  2 ugly things
  3 orc sorcerers (Orc:1)
  An oklob plant (D:11)
  4 manticores
  18 elephants
  8 cyclopes
  3 black mambas
  Maurice (D:12)
  A torpor snail (shapeshifter) (D:14)
  2 torpor snails
  3 gargoyles (D:12)
  A centaur zombie (D:13)
  An unseen horror (D:11)
  11 cane toads
  3 kobold demonologists
  2 rime drakes
  12 komodo dragons
  A yaktaur (shapeshifter) (D:14)
  9 trolls
  5 polar bears
  The ghost of AlleluiaPinecone the Sneak, a novice VSBr of Cheibriados (D:4)
  A hornet (shapeshifter) (D:14)
  Grinder (D:5)
  6 slime creatures (D:12)
  20 blink frogs
  A centaur simulacrum (D:13)
  A shadow (D:11)
  6 wyverns
  34 yaks
  A yak (shapeshifter) (D:13)
  3 wraiths
  5 neqoxecs (Orc:1)
  A steam dragon (D:10)
  6 fire elementals (D:12)
  14 vampire mosquitoes
  4 basilisks
  Menkaure (D:6)
  Edmund (D:5)
  4 wargs
  An acid dragon (D:14)
  A hell hound (D:12)
  14 water moccasins
  A sky beast (D:7)
  A meliai simulacrum (D:14)
  An ice beast (D:5)
  3 black bears
  8 ogres
  37 orc warriors
  A necrophage (D:5)
  24 wolves
  19 centaurs
  A phantom (D:6)
  3 kobold brigands
  14 bullfrogs
  2 scorpions
  A water moccasin zombie (D:5)
  3 killer bees (D:9)
  A water moccasin skeleton (D:7)
  3 wights (D:4)
  A vampire bat (Orc:2)
  5 howler monkeys
  2 electric eels
  A bullfrog zombie (D:5)
  2 crimson imps (D:8)
  3 quasits (Orc:1)
  5 jellies
  3 hounds
  14 orc priests
  2 bullfrog skeletons (D:5)
  2 gnoll shamans
  5 hell rats (Lair:2)
  2 iguanas (D:6)
  13 orc wizards
  A killer bee zombie (D:7)
  A hound zombie (D:4)
  Robin (D:2)
  10 gnolls
  6 adders
  3 white imps
  2 worms (D:3)
  7 dart slugs
  85 orcs
  16 ball pythons
  8 bats
  20 endoplasms
  7 giant cockroaches
  15 goblins
  6 hobgoblins
  19 kobolds
  9 quokkas
  10 frilled lizards
  2 rats (D:2)
  A bush (Lair:4)
695 creatures vanquished.

Vanquished Creatures (others)
  A wizard (D:5)
  An orc (Orc:2)
  46 fungi
  56 plants
104 creatures vanquished.

Grand Total: 799 creatures vanquished

Notes
Turn   | Place    | Note
-------+----------+-------------------------------------------
     0 | D:1      | mdonais the Deep Elf Ice Elementalist began the quest for
                  | the Orb.
     0 | D:1      | Reached XP level 1. HP: 10/10 MP: 6/6
    56 | D:1      | Found a faded altar of an unknown god.
    87 | D:1      | Upgraded the game from 0.28-a0-199-g298df9dbad to
                  | 0.28-a0-206-gc2c9e32840
   285 | D:1      | Reached XP level 2. HP: 15/15 MP: 6/8
  1050 | D:2      | Reached XP level 3. HP: 20/20 MP: 5/9
  1055 | D:2      | Learned a level 3 spell: Frozen Ramparts
  1960 | D:2      | Upgraded the game from 0.28-a0-206-gc2c9e32840 to
                  | 0.28-a0-664-gc179e30c89
  2834 | D:3      | Learned a level 3 spell: Ozocubu's Armour
  2835 | D:3      | Found a glowing drain.
  2853 | D:3      | Reached skill level 1 in Fighting
  2909 | D:3      | Found Noizxaga's Antique Armour Shoppe.
  2919 | D:3      | Bought an obsidian-encrusted leather armour for 133 gold
                  | pieces
  2919 | D:3      | Identified the +3 leather armour of Amorality {rElec} (You
                  | bought it in a shop on level 3 of the Dungeon)
  2939 | Sewer    | Entered a sewer
  3072 | Sewer    | Reached XP level 4. HP: 25/25 MP: 6/11
  3160 | Sewer    | Reached skill level 5 in Ice Magic
  3340 | Sewer    | Reached skill level 4 in Spellcasting
  3489 | Sewer    | Noticed a bullfrog
  3497 | Sewer    | Killed a bullfrog
  3498 | Sewer    | Reached XP level 5. HP: 29/30 MP: 4/13
  3901 | D:3      | Reached skill level 5 in Spellcasting
  4241 | D:3      | Reached XP level 6. HP: 35/35 MP: 11/15
  4342 | D:3      | Learned a level 4 spell: Hailstorm
  4601 | D:4      | Found a stormy altar of Qazlal.
  4722 | D:4      | Reached skill level 1 in Conjurations
  4724 | D:4      | Found a runed translucent gate.
  4724 | D:4      | Found a runed translucent gate.
  4724 | D:4      | Found a runed translucent gate.
  4724 | D:4      | Noticed AlleluiaPinecone's ghost (novice VSBr)
  4796 | D:4      | Reached skill level 6 in Spellcasting
  5185 | D:5      | Entered Level 5 of the Dungeon
  5192 | D:5      | Reached XP level 7. HP: 38/40 MP: 14/18
  5197 | D:5      | Noticed Edmund
  5208 | D:5      | Killed Edmund
  5460 | D:5      | Found a basalt altar of Yredelemnul.
  5515 | D:5      | Noticed a wyvern
  5522 | D:5      | Killed a wyvern
  5523 | D:5      | Reached skill level 7 in Spellcasting
  5786 | D:5      | Reached XP level 8. HP: 46/46 MP: 11/20
  5819 | D:5      | Reached skill level 5 in Dodging
  6038 | D:3      | Bought a pair of gloves for 85 gold pieces
  6172 | D:2      | Noticed Robin
  6174 | D:2      | Killed Robin
  6318 | D:4      | Killed AlleluiaPinecone's ghost
  6419 | D:4      | Reached skill level 5 in Stealth
  6695 | D:5      | Noticed Grinder
  6815 | D:5      | Found a bloodstained altar of Trog.
  6817 | D:5      | Noticed a wizard
  6837 | D:5      | Killed a wizard
  6928 | D:5      | Found a hide-covered altar of Uskayaw.
  6984 | D:5      | Found a white marble altar of Elyvilon.
  7295 | D:6      | Noticed Menkaure
  7319 | D:6      | Killed Menkaure
  7562 | D:6      | Found a staircase to the Ecumenical Temple.
  7573 | Temple   | Entered the Ecumenical Temple
  7670 | Temple   | Became a worshipper of Vehumet
  7715 | D:6      | Reached XP level 9. HP: 51/51 MP: 13/22
  8050 | D:6      | Upgraded the game from 0.28-a0-664-gc179e30c89 to
                  | 0.28-a0-793-g31680bbd8b
  8052 | D:6      | Upgraded the game from 0.28-a0-793-g31680bbd8b to
                  | 0.28-a0-802-g09f76e8c00
  8081 | D:7      | Reached skill level 1 in Shields
  9240 | D:8      | Reached * piety under Vehumet
  9240 | D:8      | Offered knowledge of Magic Dart by Vehumet.
  9386 | D:8      | Reached skill level 5 in Conjurations
  9527 | D:8      | Found a burning altar of Makhleb.
  9566 | D:8      | Reached skill level 8 in Spellcasting
  9976 | D:9      | Learned a level 1 spell: Magic Dart
 10007 | D:9      | Found a sacrificial altar of Ru.
 10170 | D:9      | Reached XP level 10. HP: 37/56 MP: 22/24
 10365 | D:9      | Found a shimmering blue altar of Sif Muna.
 10457 | D:9      | Reached skill level 9 in Spellcasting
 10767 | D:9      | Noticed a two-headed ogre
 10780 | D:9      | Killed a two-headed ogre
 10781 | D:9      | Reached skill level 10 in Spellcasting
 10781 | D:9      | Reached skill level 1 in Armour
 11127 | D:9      | Reached ** piety under Vehumet
 11151 | D:9      | Offered knowledge of Searing Ray by Vehumet.
 11152 | D:9      | Reached skill level 1 in Evocations
 11251 | D:10     | Entered Level 10 of the Dungeon
 11412 | D:10     | Noticed a two-headed ogre
 11419 | D:10     | Killed a two-headed ogre
 11420 | D:10     | Reached skill level 11 in Spellcasting
 11795 | D:10     | Reached skill level 12 in Spellcasting
 11801 | D:10     | Learned a level 5 spell: Metabolic Englaciation
 12145 | D:11     | Learned a level 2 spell: Searing Ray
 12165 | D:11     | Noticed a guardian serpent
 12198 | D:11     | Reached skill level 1 in Hexes
 12198 | D:11     | Reached XP level 11. HP: 56/61 MP: 17/29
 12287 | D:11     | Noticed a two-headed ogre
 12448 | D:5      | Paralysed by Grinder for 7 turns
 12459 | D:5      | Paralysed by Grinder for 3 turns
 12463 | D:5      | Killed Grinder
 12464 | D:5      | Reached skill level 1 in Short Blades
 12673 | D:11     | Identified a scroll of acquirement
 12708 | D:11     | Found a staircase to the Lair.
 12714 | D:11     | Noticed an oklob plant
 12715 | D:11     | Upgraded the game from 0.28-a0-802-g09f76e8c00 to
                  | 0.28-a0-804-g60983d4ba9
 12746 | D:11     | Noticed a lindwurm
 12747 | D:11     | Offered knowledge of Inner Flame by Vehumet.
 12755 | D:11     | Killed a lindwurm
 12787 | D:11     | Killed a two-headed ogre
 13011 | D:11     | Acquired a +1 pair of boots of stealth
 13033 | D:11     | Found a huge runed translucent gate.
 13034 | D:11     | Found a huge runed translucent gate.
 13035 | D:11     | Found a huge runed translucent gate.
 13036 | D:11     | Found a huge runed translucent gate.
 14206 | D:11     | Killed an oklob plant
 14207 | D:11     | Reached skill level 5 in Fighting
 14316 | D:11     | Found a staircase to the Lair.
 15332 | Lair:1   | Entered Level 1 of the Lair of Beasts
 15351 | Lair:1   | Reached skill level 5 in Hexes
 15356 | D:11     | Reached *** piety under Vehumet
 15450 | D:11     | Reached skill level 10 in Ice Magic
 15700 | Lair:1   | Noticed a four-headed hydra
 15713 | Lair:1   | Killed a four-headed hydra
 15828 | Lair:1   | Gained mutation: You are dopey. (Int -2) [potion of
                  | mutation]
 15828 | Lair:1   | Gained mutation: You are somewhat resistant to further
                  | mutation. [potion of mutation]
 15829 | Lair:1   | Lost mutation: You are somewhat resistant to further
                  | mutation. [potion of mutation]
 15829 | Lair:1   | Lost mutation: You are dopey. (Int -2) [potion of mutation]
 15829 | Lair:1   | Gained mutation: You have a pair of small antennae on your
                  | head. [potion of mutation]
 15829 | Lair:1   | Gained mutation: You possess an exceptional clarity of
                  | mind. [potion of mutation]
 15829 | Lair:1   | Gained mutation: You have large cloven feet. [potion of
                  | mutation]
 16596 | Lair:2   | Noticed Nergalle
 16604 | Lair:2   | Killed Nergalle
 16671 | Lair:2   | Found a staircase to the Swamp.
 16686 | Lair:2   | Reached XP level 12. HP: 68/68 MP: 12/30
 16807 | Lair:2   | Offered knowledge of Conjure Flame by Vehumet.
 16858 | Lair:2   | Identified the +11 short sword of the Equator {vorpal,
                  | rPois Str-2 Int+2}
 17491 | Lair:3   | Noticed a four-headed hydra
 17710 | Lair:3   | Killed a four-headed hydra
 18098 | Lair:4   | Learned a level 5 spell: Freezing Cloud
 18116 | Lair:4   | Reached **** piety under Vehumet
 18134 | Lair:4   | Found a staircase to the Snake Pit.
 18157 | Lair:4   | Reached skill level 1 in Air Magic
 18160 | Lair:4   | Reached skill level 10 in Dodging
 18161 | Lair:4   | Offered knowledge of Dazzling Flash by Vehumet.
 18167 | Lair:4   | Reached skill level 13 in Spellcasting
 18238 | Lair:4   | Noticed a death yak
 18240 | Lair:4   | Noticed a death yak
 18248 | Lair:4   | Killed a death yak
 18249 | Lair:4   | Killed a death yak
 18377 | Lair:4   | Reached XP level 13. HP: 74/74 MP: 18/32
 18873 | Lair:4   | Found a radiant altar of Vehumet.
 18876 | Lair:4   | You fall into a shaft and drop 2 floors!
 18876 | Lair:6   | Entered Level 6 of the Lair of Beasts
 18926 | Lair:5   | Reached skill level 5 in Air Magic
 18959 | Lair:5   | Found a staircase to the Slime Pits.
 19952 | Lair:5   | Identified the +3 scale mail of the Swamp {rElec Int+2}
 20258 | Lair:6   | Reached skill level 5 in Short Blades
 20267 | Lair:6   | Reached ***** piety under Vehumet
 20284 | Lair:6   | Offered knowledge of Starburst by Vehumet.
 20736 | Lair:6   | Found a transporter.
 20739 | Lair:6   | Found a transporter.
 20740 | Lair:6   | Noticed Ucuahorph's ghost (journeyman DsCj)
 20887 | Lair:6   | Reached skill level 14 in Spellcasting
 21513 | Lair:6   | Reached XP level 14. HP: 82/82 MP: 32/34
 21585 | Lair:6   | Offered knowledge of Spellforged Servitor by Vehumet.
 21586 | Lair:6   | Reached skill level 15 in Spellcasting
 22007 | Lair:6   | Identified the ring "Conoib" {rElec rF+ rN++ Int-4 Dex+5}
 22195 | Lair:6   | Upgraded the game from 0.28-a0-804-g60983d4ba9 to
                  | 0.28-a0-991-g956f0ee3d5
 22195 | Lair:6   | Upgraded the game from 0.28-a0-991-g956f0ee3d5 to
                  | 0.28-a0-1236-gb25a51b929
 22195 | Lair:6   | Upgraded the game from 0.28-a0-1236-gb25a51b929 to
                  | 0.28-a0-1506-g3893175d92
 22203 | Lair:6   | Learned a level 7 spell: Spellforged Servitor
 22402 | D:12     | Noticed Azrael
 22413 | D:12     | Killed Azrael
 22629 | D:12     | Found a staircase to the Orcish Mines.
 22930 | D:12     | Noticed Gastronok
 23100 | D:12     | Noticed Maurice
 23107 | D:12     | Killed Maurice
 23382 | D:12     | Killed Gastronok
 23577 | Orc:1    | Entered Level 1 of the Orcish Mines
 23675 | Orc:1    | Reached skill level 5 in Shields
 23711 | Orc:1    | Reached skill level 1 in Summonings
 23826 | Orc:1    | Found a transporter.
 23851 | Orc:1    | Found a transporter.
 23854 | Orc:1    | Noticed Pabrox's ghost (journeyman DsIE)
 24456 | Orc:2    | Entered Level 2 of the Orcish Mines
 24522 | Orc:2    | Reached skill level 5 in Summonings
 24789 | Orc:2    | Found Pink's Antique Armour Boutique.
 24798 | Orc:2    | Offered knowledge of Ozocubu's Refrigeration by Vehumet.
 24807 | Orc:2    | Noticed Snorg
 24824 | Orc:2    | Killed Snorg
 24940 | Orc:2    | Reached skill level 16 in Spellcasting
 25469 | Orc:2    | Found a staircase to the Elven Halls.
 25475 | Orc:2    | Found Syucka's Specific Store.
 25485 | Orc:2    | Found Cosumnim's General Store.
 25554 | Orc:2    | Learned a level 7 spell: Ozocubu's Refrigeration
 25592 | Orc:2    | Found Kibbehon's Jewellery Shop.
 25592 | Orc:2    | Found Conn's Antique Armour Emporium.
 25594 | Orc:2    | Found Cyhevora's Magic Scroll Shoppe.
 25596 | Orc:2    | Found Teudgh's Antique Armour Boutique.
 25881 | Orc:1    | Gained mutation: You are weak. (Str -2) [a neqoxec]
 25882 | Orc:1    | Killed Pabrox's ghost
 25885 | Orc:1    | Identified the ring "Zanili" {Str+2 Int-2 Dex+6 Slay+5}
 25954 | Orc:2    | Bought a heavy robe for 119 gold pieces
 25954 | Orc:2    | Identified the +1 robe of Optimism {*Slow Will++} (You
                  | bought it in a shop on level 2 of the Orcish Mines)
 26069 | D:13     | Noticed Urug
 26072 | D:13     | Killed Urug
 26159 | D:13     | Offered knowledge of Lee's Rapid Deconstruction by Vehumet.
 26160 | D:13     | Reached XP level 15. HP: 88/88 MP: 37/37
 27223 | D:13     | Reached skill level 10 in Conjurations
 27229 | D:13     | Learned a level 5 spell: Lee's Rapid Deconstruction
 27231 | D:13     | Found a gate to the Vaults.
 27595 | D:14     | Identified the +4 hand crossbow "Raosum" {vorpal, rPois rC+
                  | rN++ Stlth-}
 27965 | D:14     | Shot with an arrow by a centaur warrior

Illustrated notes

Levels and vault maps discovered:
D:1:      lightli_arrival_quake, layout_loops_cross,
          dreamdust_ecumenical_altar_statues
D:2:      layout_loops_corners, uniq_robin
D:3:      layout_basic, cheibrodos_sewer_entry_sluice, serial_shops, shop,
          serial_bayou_lagoon_a
D:4:      layout_loops_cross, mainiacjoe_overflow_chevrons,
          gammafunk_ghost_split, minmay_crystal_water
D:5:      cheibrodos_helix_gallery, layout_loops_ring, kennysheep_ying_yang,
          trog_wizard, lemuel_coloured_pillars_altar, uniq_edmund, uniq_grinder
D:6:      layout_rooms, minmay_temple_entry_statues_pillars, uniq_menkaure
D:7:      layout_rooms
D:8:      layout_loops_corners, makhleb_grotto_becter, minmay_fire_ice_demons
D:9:      layout_gridville, tgw_sif, nicolae_ru_the_path_less_chosen,
          chequers_arboretum, kennysheep_generic_room_15
D:10:     layout_small_grid
D:11:     lemuel_bear_cage, layout_basic, dpeg_oklobed_lair
D:12:     layout_cross, david_orc_2, nrook_loot_triangle, uniq_azrael,
          uniq_maurice, uniq_gastronok
D:13:     layout_stronghold, david_vaults_5, uniq_urug
D:14:     minmay_the_grid_octo_tiled_squarecenter_mashed
          [minmay_the_grid_octo_odd_swirl, minmay_the_grid_octo_checkerflower,
          minmay_the_grid_octo_vomiting_pacman, minmay_the_grid_octo_focus,
          minmay_the_grid_square_5x5_megaprize_diamond,
          minmay_the_grid_square_5x5_misaligned,
          minmay_the_grid_square_5x5_inner_v, minmay_the_grid_square_5x5_six,
          minmay_the_grid_square_5x5_two_small], layout_rooms,
          guppyfry_shop_blood
Temple:   jpeg_temple_clearing
Lair:1:   layout_regular_city, grunt_megastairs_4
Lair:2:   layout_regular_city, swamp_mist_pool, uniq_nergalle
Lair:3:   layout_hall_layers
Lair:4:   layout_concentric_octagons, dummy_snake_entry, basic_altar,
          chequers_serial_rivers_room_b, beast_lair_carwin_5, grunt_megastairs_2
Lair:5:   layout_layer_cave, nicolae_slime_entry_slimehenge,
          serial_bayou_shore_a, grunt_megastairs_1, lemuel_fruit_tree,
          infiniplex_staircase_pool_2
Lair:6:   grunt_lair_end_beastmaster, layout_long_grid, gammafunk_ghost_hive
Orc:1:    layout_caves, gammafunk_ghost_stat_death, statue_in_the_mist_lemuel
Orc:2:    st_orc_rangers, layout_caves, serial_shops,
          nicolae_shop_window_shopping, roderic_batcave,
          nicolae_orc_stony_grotto, nicolae_specific_store, uniq_snorg

Skill      XL: |  1  2  3  4  5  6  7  8  9 10 11 12 13 14 15 |
---------------+----------------------------------------------+-----
Stealth        | 3 5 6 7 8 |  8.0
Dodging        | 3 4 6 7 9 10 11 | 11.8
Fighting       | 1 2 3 4 5 6 7 |  7.7
Ice Magic      | 5 6 7 8 9 10 11 12 13 | 13.0
Spellcasting   | 4 5 6 7 8 12 13 14 16 | 16.5
Conjurations   | 2 3 4 6 7 9 10 | 10.7
Shields        | 3 4 5 |  5.0
Armour         | 1 2 3 |  3.0
Evocations     | 1 3 |  3.0
Hexes          | 1 6 8 |  8.2
Short Blades   | 2 4 5 |  5.0
Air Magic      | 4 6 |  6.0
Summonings     | 7 9 |  9.8

Action                   |  1- 3 |  4- 6 |  7- 9 | 10-12 | 13-15 || total
-------------------------+-------+-------+-------+-------+-------++-------
Melee: Falchion          |     6 |    17 |       |       |       ||    23
       Dagger            |       |     6 |    54 |    73 |       ||   133
       Flail             |       |       |   124 |       |       ||   124
       Club              |       |       |     5 |       |       ||     5
       Short sword       |       |       |       |    48 |   191 ||   239
Throw: Stone             |       |    17 |    16 |       |       ||    33
       Dart              |       |       |       |     9 |     3 ||    12
 Cast: Freeze            |    60 |    38 |    46 |     9 |       ||   153
       Frozen Ramparts   |     5 |    22 |    50 |    66 |    26 ||   169
       Ozocubu's Armour  |       |     2 |    41 |    57 |    39 ||   139
       Hailstorm         |       |       |    16 |    44 |    31 ||    91
       Magic Dart        |       |       |       |    27 |     2 ||    29
       Searing Ray       |       |       |       |    47 |    18 ||    65
       Metabolic Englaci |       |       |       |    12 |    19 ||    31
       Freezing Cloud    |       |       |       |    14 |   262 ||   276
       Ozocubu's Refrige |       |       |       |       |    68 ||    68
       Lee's Rapid Decon |       |       |       |       |     6 ||     6
       Spellforged Servi |       |       |       |       |     1 ||     1
Evoke: Wand              |       |       |       |     4 |     2 ||     6
  Use: Scroll            |     3 |       |     5 |    12 |    13 ||    33
       Potion            |       |       |       |     3 |     4 ||     7
 Stab: Sleeping          |     1 |     4 |     1 |       |     1 ||     7
       Distracted        |       |       |     1 |       |     1 ||     2
       Paralysed         |       |       |       |     6 |       ||     6
Armor: Robe              |     4 |       |       |       |       ||     4
       Leather armour    |       |     6 |   107 |   103 |   137 ||   353
Dodge: Dodged            |    22 |    18 |   171 |   172 |   180 ||   563
Block: Buckler           |       |       |    24 |    59 |    73 ||   156

Table legend: (Time is in decaauts)
 A = Elapsed time spent in this place.
 B = Non-inter-level travel time spent in this place.
 C = Inter-level travel time spent in this place.
 D = Time resting spent in this place.
 E = Time spent auto-exploring this place.
 F = Levels seen in this place.
 G = Mean time per level.
                   A        B        C        D        E       F      G
               +--------+--------+--------+--------+--------+-----+--------+
         Total |  28328 |  26654 |   1674 |   6482 |  13681 |  24 | 1180.3 |
       Dungeon |  18279 |  17207 |   1072 |   3684 |   9707 |  14 | 1305.6 |
        Temple |    112 |     97 |     15 |      0 |     82 |   1 |  112.0 |
          Lair |   6767 |   6341 |    426 |   1676 |   3120 |   6 | 1127.8 |
  Orcish Mines |   2567 |   2407 |    160 |    835 |    739 |   2 | 1283.5 |
         Sewer |    600 |    600 |      0 |    287 |     32 |   1 |  600.0 |
               +--------+--------+--------+--------+--------+-----+--------+

Top non-repeatable levels by time:
    D:11: 3044 daAuts
     D:2: 2106 daAuts
  Lair:6: 1804 daAuts
    D:13: 1726 daAuts
   Orc:1: 1571 daAuts
     D:5: 1432 daAuts
  Lair:5: 1358 daAuts
     D:9: 1344 daAuts
     D:3: 1339 daAuts
    D:12: 1249 daAuts
    D:10: 1118 daAuts
  Lair:2: 1029 daAuts
  Lair:1: 1018 daAuts
  Lair:4: 1013 daAuts
   Orc:2: 996 daAuts
